 Dungeon Crawl Stone Soup version 0.25-a0-35-g747a2b3c0c (webtiles) character file.

Game seed: 4573090553624675060, levelgen mode: deterministic

20898 Kohma the Covert (level 12, 0/56 HPs)
             Began as a Spriggan Enchanter on Oct 18, 2019.
             Was a High Priest of Kikubaaqudgha.
             Slain by a catoblepas (13 damage)
             ... while petrified by you
             ... in a Gauntlet.
             The game lasted 00:52:25 (16065 turns).

Kohma the Covert (Spriggan Enchanter)              Turns: 16065, Time: 00:52:25

Health: 0/56       AC:  5    Str:  4    XL:     12   Next: 49%
Magic:  9/19       EV:  4    Int: 19    God:    Kikubaaqudgha [*****.]
Gold:   223        SH:  0    Dex: 19    Spells: 0/19 levels left

rFire    + . .     SeeInvis +   a - +2 dagger (venom)
rCold    . . .     Gourm    .   E - +1 buckler
rNeg     + + +     Faith    .   G - +0 troll leather armour
rPois    ∞         Spirit   .   (helmet restricted)
rElec    .         Reflect  .   r - +0 cloak
rCorr    .         Harm     .   (gloves unavailable)
MR       +++..     NoTele   +   (boots unavailable)
Stlth    ++++++....             g - amulet of regeneration
HPRegen  0.98/turn              s - ring of protection from magic
MPRegen  0.16/turn              p - ring of protection from fire

@: petrified, very quick
A: very small, unfitting armour, see invisible, herbivore, speed 3, slow
metabolism 2
a: Receive Corpses, Torment, Renounce Religion


You were in a Gauntlet.
You worshipped Kikubaaqudgha.
Kikubaaqudgha was extremely pleased with you.
You were near starving.

You visited 2 branches of the dungeon, and saw 12 of its levels.
You also visited: Sewer and Gauntlet.

You collected 583 gold pieces.
You spent 360 gold pieces at shops.

Inventory:

Hand Weapons
 a - a +2 dagger of venom (weapon)
 b - a +2 rapier of flaming
Missiles
 h - 146 stones
 k - 28 poisoned darts (quivered)
 v - 5 atropa-tipped darts
Armour
 m - a +0 robe
 r - a +0 cloak (worn)
 E - a +1 buckler (worn)
 G - a +0 troll leather armour (worn)
Jewellery
 g - an amulet of regeneration (around neck)
 p - a ring of protection from fire (right hand)
 s - a ring of protection from magic (left hand)
 z - a +4 amulet of reflection {unknown}
Wands
 C - a wand of paralysis (17)
 D - a wand of digging (6)
Scrolls
 c - a scroll of fog
 e - 2 scrolls of magic mapping
 f - 3 scrolls of teleportation
 j - 2 scrolls of identify
 o - 3 scrolls of remove curse
 t - 3 scrolls of immolation
 y - a scroll of torment
 F - a scroll of enchant weapon
Potions
 i - 5 potions of curing
 l - a potion of brilliance
 n - 5 potions of flight
 q - 6 potions of heal wounds
 u - 6 potions of might
 w - a potion of agility
 x - 4 potions of lignification
 A - 2 potions of haste
 B - a potion of berserk rage
 H - a potion of resistance {unknown}
Comestibles
 d - 8 rations


   Skills:
 - Level 3.0 Fighting
 - Level 10.0 Short Blades
 - Level 8.0 Dodging
 - Level 14.0 Stealth
 - Level 7.3 Shields
 - Level 4.0 Spellcasting
 - Level 1.0 Conjurations
 - Level 10.0 Hexes
 - Level 3.0 Charms
 + Level 3.2 Necromancy
 - Level 6.1 Translocations
 - Level 1.0 Air Magic
 - Level 4.0 Poison Magic


You couldn't memorise any spells.
You knew the following spells:

 Your Spells              Type           Power        Failure   Level  Hunger
a - Poisonous Vapours     Pois/Air       ##....       13%         2    ##.....
b - Ensorcelled Hibernat  Hex/Ice        ###...       4%          2    ##.....
c - Confuse               Hex            #####...     1%          3    ###....
d - Blink                 Tloc           N/A          3%          2    ##.....
e - Mephitic Cloud        Conj/Pois/Air  ##......     32%         3    ###....
f - Regeneration          Chrm/Necr      ###.......   21%         3    ###....
g - Animate Dead          Necr           N/A          54%         4    ####...

Your spell library contained the following spells:

 Spells                   Type           Power        Failure   Level  Hunger
 Corona                   Hex            #####..      1%          1    None
 Slow                     Hex            #####...     1%          2    ##.....
 Tukima's Dance           Hex            #####...     1%          3    ###....
 Animate Skeleton         Necr           N/A          7%          1    None
 Pain                     Necr           ###.         7%          1    None
 Dazzling Spray           Conj/Hex       ###...       8%          3    ###....
 Sublimation of Blood     Necr           ###.......   10%         2    ##.....
 Magic Dart               Conj           #...         16%         1    None
 Vampiric Draining        Necr           ###.......   21%         3    ###....
 Freeze                   Ice            #...         24%         1    None
 Throw Frost              Conj/Ice       #.....       30%         2    ##.....
 Call Imp                 Summ           #.......     36%         2    ##.....
 Ozocubu's Armour         Chrm/Ice       #.......     36%         3    ###....
 Conjure Flame            Conj/Fire      #.......     52%         3    ###....
 Dispel Undead            Necr           ###.....     88%         5    ######.
 Excruciating Wounds      Chrm/Necr      ###.......   88%         5    ######.
 Throw Icicle             Conj/Ice       #.......     89%         4    ####...
 Summon Ice Beast         Ice/Summ       #.......     94%         4    ####...
 Bolt of Draining         Conj/Necr      ##........   96%         5    ######.
 Death Channel            Necr           ###.......   100%        6    #######
 Freezing Cloud           Conj/Ice/Air   #.........   100%        6    #######
 Simulacrum               Ice/Necr       #.........   100%        6    #######
 Ring of Flames           Chrm/Fire      #.........   100%        7    #######


Dungeon Overview and Level Annotations

Branches:
Dungeon (11/15)            Temple (1/1) D:6            Lair (0/6) D:8
  Sewer (visited)         Gauntlet (1/1)
    Orc: D:9-12

Altars:
Ashenzari
Cheibriados
Dithmenos
Elyvilon
Fedhas
Gozag
Hepliaklqana
Kikubaaqudgha
Makhleb
Nemelex Xobeh
Okawaru
Qazlal
Ru
Sif Muna
Trog
Uskayaw
Vehumet
Wu Jian
Xom
Yredelemnul
Zin
The Shining One

Shops:
D:7 !   D:9 ?

Annotations:
D:3 3 runed translucent doors, flogoulo's ghost, amateur DrAE Gauntlet 15 transporters, 21 runed translucent doors, exclusion: orange crystal statue


Innate Abilities, Weirdness & Mutations

You are very small and have problems with some larger weapons.
You are too small for most types of armour.
You have supernaturally acute eyesight. (SInv)
You are a herbivore.
You cover ground extremely quickly.
You need to consume almost no food.


Message History

Confirm with . or Enter, or press ? or * to list all spells.
Aiming: Poisonous Vapours (safe; 13% risk of failure)
Press: ? - help, Dir - move target cursor, f/p - catoblepas
Aim: a catoblepas (lightly wounded, poisoned) Poisonous vapours surround the catoblepas!
The catoblepas is engulfed in poison gas.
The catoblepas looks as sick as possible!
The catoblepas breathes a plume of calcifying dust at you.
The blast of calcifying dust hits you.
You are engulfed in calcifying dust.
You are slowing down.
Your limbs are stiffening.
You have turned to stone.
The catoblepas breathes a plume of calcifying dust at you.
The blast of calcifying dust hits you.
You are engulfed in calcifying dust.
The catoblepas gores you!!
* * * LOW HITPOINT WARNING * * *
You are engulfed in calcifying dust.
The catoblepas gores you!!
You die...
Kikubaaqudgha rasps: "You have failed me!
Welcome... oblivion!"

##### ### ### ### ### #≈∩≈# ##
#8# #8# #8# #8# #...# #8
###################.∩.#####
#≈.........................
###...................©......
#8#..###########.###########.
###..#.....Y@§§#.#.........#.
#....#...P.P9P.#.#...###...#.
###....#$)#P..#..#.#....#....#.
#8#..###......P..#.#.#..#©.#.#.
###..#©#©...©....#.#.#######.#.
#..#.#..P..PP..#.#.#..#..#.#. #
###..#.#[.#...#..#.#....#....#. #
#8#..#.#.P.P.P...#.#...#.#...#.
#####..#.#.........#.#....©....#.


You could see a catoblepas and a gargoyle.

Vanquished Creatures
  3 death yaks (D:8)
  Pikel (D:4)
  An ugly thing (D:7)
  A gargoyle (Gauntlet)
  A centaur skeleton (D:10)
  2 trolls (D:9)
  Sigmund (D:4)
  A wraith (D:8)
  3 shadows (Gauntlet)
  3 yaks (D:10)
  4 hungry ghosts
  Menkaure (D:7)
  3 orc warriors
  A porcupine (D:8)
  2 sky beasts (D:9)
  5 phantoms
  6 ogres
  2 black bears
  4 ice beasts
  3 necrophages
  A slave (D:4)
  A crocodile (Sewer)
  Blork the orc (D:5)
  11 bullfrogs
  An elf skeleton (D:8)
  A scorpion (D:7)
  A troll zombie (D:8)
  A water moccasin skeleton (D:10)
  57 killer bees
  A wight (D:8)
  A howler monkey (D:5)
  2 crimson imps
  A quasit (D:7)
  4 human zombies (D:8)
  6 hounds
  2 jellies (D:6)
  Crazy Yiuf (D:7)
  6 orc priests
  3 bullfrog skeletons
  An iguana (D:9)
  14 orc wizards
  6 worker ants
  A hound skeleton (D:9)
  2 mummies (D:8)
  A worker ant zombie (D:9)
  A river rat (D:4)
  14 adders
  3 howler monkey skeletons
  A shadow imp (D:7)
  3 oozes
  3 adder skeletons
  6 worms
  3 dart slugs (D:2)
  8 leopard geckos
  45 orcs
  A ball python (D:1)
  6 giant cockroaches
  7 goblins
  8 hobgoblins
  17 jackals
  4 quokkas
  11 bats
  7 frilled lizards
  17 kobolds
  A quokka skeleton (D:8)
  2 quokka zombies
  12 rats
355 creatures vanquished.

Vanquished Creatures (others)
  A fungus (Gauntlet)
  6 plants (Gauntlet)
7 creatures vanquished.

Grand Total: 362 creatures vanquished

Notes
Turn   | Place    | Note
-------+----------+-------------------------------------------
     0 | D:1      | Kohma the Spriggan Enchanter began the quest for the Orb.
     0 | D:1      | Reached XP level 1. HP: 9/9 MP: 5/5
   103 | D:1      | Reached XP level 2. HP: 10/13 MP: 4/6
   107 | D:1      | Learned a level 2 spell: Ensorcelled Hibernation
   177 | D:1      | Reached skill level 5 in Stealth
   839 | D:1      | Reached XP level 3. HP: 14/16 MP: 2/8
   914 | D:1      | Learned a level 3 spell: Confuse
  1575 | D:2      | Reached skill level 6 in Stealth
  1822 | D:2      | Reached XP level 4. HP: 21/21 MP: 6/9
  3049 | D:3      | Found a runed translucent gate.
  3050 | D:3      | Found a runed translucent gate.
  3050 | D:3      | Found a runed translucent gate.
  3051 | D:3      | Noticed flogoulo's ghost (amateur DrAE)
  3224 | D:3      | Reached skill level 7 in Stealth
  3224 | D:3      | Reached XP level 5. HP: 24/24 MP: 10/10
  4348 | D:4      | Found a glowing drain.
  4382 | Sewer    | Entered a sewer
  4755 | Sewer    | Noticed a crocodile
  4762 | Sewer    | Killed a crocodile
  4762 | Sewer    | Reached skill level 8 in Stealth
  4762 | Sewer    | Reached XP level 6. HP: 28/28 MP: 11/11
  4904 | D:4      | Reached skill level 5 in Short Blades
  5292 | D:4      | Reached XP level 7. HP: 32/32 MP: 12/14
  5304 | D:4      | Learned a level 2 spell: Blink
  5314 | D:4      | Noticed Sigmund
  5321 | D:4      | Killed Sigmund
  5321 | D:4      | Reached skill level 5 in Hexes
  5356 | D:4      | Noticed Pikel
  5388 | D:4      | Killed Pikel
  5388 | D:4      | Reached XP level 8. HP: 16/36 MP: 7/15
  6092 | D:5      | Entered Level 5 of the Dungeon
  6248 | D:5      | Reached skill level 1 in Fighting
  6696 | D:5      | Reached skill level 5 in Dodging
  6728 | D:5      | Noticed Blork the orc
  6739 | D:5      | Killed Blork the orc
  7320 | D:6      | Found a staircase to the Ecumenical Temple.
  7329 | Temple   | Entered the Ecumenical Temple
  7335 | Temple   | Became a worshipper of Kikubaaqudgha
  8125 | D:6      | Reached skill level 1 in Shields
  8236 | D:6      | Reached XP level 9. HP: 44/44 MP: 13/16
  8362 | D:6      | You fall into a shaft and drop 3 floors!
  9104 | D:6      | Reached * piety under Kikubaaqudgha
  9104 | D:6      | Identified Kikubaaqudgha's Reference Book on Dark Rites
                  | (Kikubaaqudgha gifted it to you on level 6 of the Dungeon)
  9104 | D:6      | Received a gift from Kikubaaqudgha
  9479 | D:7      | Found Ucve's Distillery.
  9534 | D:7      | Bought a potion of might for 44 gold pieces
  9534 | D:7      | Bought a potion of heal wounds for 55 gold pieces
  9534 | D:7      | Bought a potion of degeneration for 11 gold pieces
  9534 | D:7      | Bought a potion of flight for 33 gold pieces
  9866 | D:7      | Learned a level 2 spell: Poisonous Vapours
 10147 | D:7      | Reached skill level 1 in Poison Magic
 10159 | D:7      | Reached skill level 1 in Air Magic
 10309 | D:7      | Noticed a cyan ugly thing
 10373 | D:7      | Killed a cyan ugly thing
 10373 | D:7      | Reached skill level 9 in Stealth
 10445 | D:7      | Noticed Menkaure
 10448 | D:7      | Killed Menkaure
 10561 | D:7      | Found a runed translucent door.
 10562 | D:7      | Noticed Crazy Yiuf
 10569 | D:7      | Killed Crazy Yiuf
 10628 | D:7      | Reached ** piety under Kikubaaqudgha
 10994 | D:8      | Found an opulent altar of Gozag.
 11023 | D:8      | Reached XP level 10. HP: 49/49 MP: 13/17
 11103 | D:8      | Reached skill level 10 in Stealth
 11114 | D:8      | Noticed a death yak
 11115 | D:8      | Noticed a death yak
 11183 | D:8      | Killed a death yak
 11363 | D:8      | Found a staircase to the Lair.
 11365 | D:8      | Noticed a death yak
 11445 | D:8      | Killed a death yak
 11445 | D:8      | Reached skill level 11 in Stealth
 11493 | D:8      | Killed a death yak
 11719 | D:8      | Reached skill level 12 in Stealth
 11723 | D:8      | Found a basalt altar of Yredelemnul.
 11758 | D:8      | Reached skill level 5 in Shields
 12065 | D:9      | Found Tepofaif's Magic Scroll Shop.
 12101 | D:9      | Reached *** piety under Kikubaaqudgha
 12101 | D:9      | Identified Kikubaaqudgha's Collected Works on Unholy Arts
                  | (Kikubaaqudgha gifted it to you on level 9 of the Dungeon)
 12101 | D:9      | Received a gift from Kikubaaqudgha
 12210 | D:9      | Reached XP level 11. HP: 52/52 MP: 3/18
 12367 | D:9      | Bought a scroll of enchant weapon for 105 gold pieces
 12367 | D:9      | Bought a scroll of identify for 28 gold pieces
 12367 | D:9      | Bought a scroll of identify for 28 gold pieces
 12367 | D:9      | Bought a scroll of identify for 28 gold pieces
 12367 | D:9      | Bought a scroll of identify for 28 gold pieces
 12371 | D:9      | Reached skill level 14 in Stealth
 12371 | D:9      | Reached XP level 12. HP: 56/56 MP: 19/19
 12377 | D:9      | Learned a level 3 spell: Mephitic Cloud
 12381 | D:9      | Learned a level 3 spell: Regeneration
 12549 | D:9      | Reached skill level 1 in Charms
 12554 | D:9      | Reached **** piety under Kikubaaqudgha
 12758 | D:9      | Reached skill level 10 in Short Blades
 13068 | D:9      | Reached skill level 1 in Necromancy
 14116 | D:10     | Entered Level 10 of the Dungeon
 14458 | D:10     | Reached skill level 1 in Conjurations
 14837 | D:10     | Reached ***** piety under Kikubaaqudgha
 15351 | D:11     | Found a gate leading to a gauntlet.
 15360 | Gauntlet | Entered a Gauntlet
 15360 | Gauntlet | Found a transporter.
 15369 | Gauntlet | Found a transporter.
 15371 | Gauntlet | Found a transporter.
 15380 | Gauntlet | Noticed a catoblepas
 15381 | Gauntlet | Found a transporter.
 15396 | Gauntlet | Found a transporter.
 15398 | Gauntlet | Found a large runed translucent door.
 15398 | Gauntlet | Found a large runed translucent door.
 15399 | Gauntlet | Found a large runed translucent door.
 15399 | Gauntlet | Found a large runed translucent door.
 15400 | Gauntlet | Found a runed translucent door.
 15400 | Gauntlet | Found a large runed translucent door.
 15400 | Gauntlet | Found a large runed translucent door.
 15400 | Gauntlet | Found a runed translucent door.
 15400 | Gauntlet | Found a large runed translucent door.
 15400 | Gauntlet | Found a large runed translucent door.
 15401 | Gauntlet | Found a large runed translucent door.
 15401 | Gauntlet | Found a large runed translucent door.
 15404 | Gauntlet | Found a transporter.
 15422 | Gauntlet | Found a transporter.
 15423 | Gauntlet | Noticed a catoblepas
 15438 | Gauntlet | Found a large runed translucent door.
 15439 | Gauntlet | Found a large runed translucent door.
 15440 | Gauntlet | Found a large runed translucent door.
 15441 | Gauntlet | Found a runed translucent gate.
 15442 | Gauntlet | Found a transporter.
 15442 | Gauntlet | Found a runed translucent gate.
 15443 | Gauntlet | Found a runed translucent gate.
 15444 | Gauntlet | Found a large runed translucent door.
 15445 | Gauntlet | Found a large runed translucent door.
 15446 | Gauntlet | Found a large runed translucent door.
 15454 | Gauntlet | Found a transporter.
 15466 | Gauntlet | Found a transporter.
 15466 | Gauntlet | Noticed a reaper
 15472 | Gauntlet | Found a transporter.
 15474 | Gauntlet | Found a transporter.
 15564 | Gauntlet | Found a transporter.
 15580 | Gauntlet | Found a transporter.
 15580 | Gauntlet | Noticed a balrug
 15599 | Gauntlet | Found a transporter.
 15599 | Gauntlet | Found a transporter.
 15645 | Gauntlet | Found a transporter.
 15678 | Gauntlet | Found a transporter.
 15784 | Gauntlet | Noticed a minotaur
 15893 | Gauntlet | Learned a level 4 spell: Animate Dead
 15951 | Gauntlet | Reached skill level 10 in Hexes
 16065 | Gauntlet | Slain by a catoblepas

Levels and vault maps discovered:
D:1:      dpeg_arrival_round_c, layout_rooms
D:2:      layout_loops_corners, minivault_4, chequers_serial_rivers_small_3,
          dk_noncrumbling_2, minmay_misc_feat_four_crosses
D:3:      layout_loops_ring, ebering_ghost_rock_garden,
          ebering_dispersal_statue_hall, kennysheep_generic_room_13
D:4:      layout_cave_pods, lightli_sewer_entry_pipes, first_ration, uniq_pikel,
          uniq_sigmund
D:5:      layout_gridville, uniq_blork_the_orc
D:6:      layout_layer_cave, lemuel_temple_firewalk_b, hangedman_decor_points
D:7:      layout_basic, serial_shops, shop, grunt_decor_one_mirror,
          uniq_crazy_yiuf_cottage, uniq_menkaure
D:8:      layout_loops_cross, lemuel_mausoleum_altar_yredelemnul,
          dpeg_lair_monsters, basic_altar
D:9:      wad_woods_minihive, layout_loops_corners, serial_shops,
          nicolae_shop_statue_plus
D:10:     layout_loops_ring
D:11:     layout_long_grid, gauntlet_entry_generic, uniq_fannar, uniq_sonja
Temple:   nicolae_temple_the_god_donut
Gauntlet: gammafunk_gauntlet_one_two_three [nicolae_gauntlet_arena_t_cross,
          gammafunk_gauntlet_arena_open, gammafunk_gauntlet_arena_hedges,
          nicolae_gauntlet_arena_x, nicolae_gauntlet_arena_blocks,
          gammafunk_gauntlet_arena_split_x, gammafunk_gauntlet_arena_grid,
          minmay_gauntlet_arena_make_your_own_arena,
          nicolae_gauntlet_arena_grate_2,
          nicolae_gauntlet_exit_dead_adventurers]

Skill      XL: |  1  2  3  4  5  6  7  8  9 10 11 12 |
---------------+-------------------------------------+-----
Stealth        | 5 6 7 8 9 12 14 | 14.0
Short Blades   | 2 3 4 5 6 8 9 10 | 10.0
Spellcasting   | 4 |  4.0
Hexes          | 4 7 8 10 | 10.0
Translocations | 6 |  6.1
Fighting       | 3 |  3.0
Dodging        | 6 8 |  8.0
Shields        | 1 3 6 7 |  7.3
Poison Magic   | 2 3 4 |  4.0
Air Magic      | 1 |  1.0
Charms         | 3 |  3.0
Necromancy     | 3 |  3.2
Conjurations   | 1 |  1.0

Action                   |  1- 3 |  4- 6 |  7- 9 | 10-12 || total
-------------------------+-------+-------+-------+-------++-------
Melee: Dagger            |   131 |   196 |   315 |   436 ||  1078
       Short sword       |       |       |    19 |       ||    19
       Rapier            |       |       |       |    36 ||    36
Throw: Dart              |       |       |    12 |    36 ||    48
       Stone             |       |       |     1 |       ||     1
 Cast: Corona            |     6 |       |       |       ||     6
       Ensorcelled Hiber |    30 |    39 |    86 |    50 ||   205
       Confuse           |       |     1 |    17 |    27 ||    45
       Poisonous Vapours |       |       |     9 |    64 ||    73
       Blink             |       |       |     1 |       ||     1
  Use: Scroll            |       |       |    19 |     5 ||    24
       Potion            |       |       |       |     1 ||     1
 Stab: Sleeping          |    23 |    32 |    59 |    55 ||   169
       Confused          |       |     2 |    12 |    22 ||    36
       Distracted        |       |       |       |     3 ||     3
  Eat: Ration            |       |     4 |     4 |     5 ||    13
Armor: Robe              |    10 |    13 |     9 |    12 ||    44
       Troll leather arm |       |       |       |     3 ||     3
Dodge: Dodged            |   106 |   144 |   242 |   222 ||   714
Block: Buckler           |       |       |    44 |   165 ||   209

Table legend:
 A = Non-vault XP
 B = Vault XP
 C = Vault XP percentage of total XP
 D = Non-vault monster count
 E = Vault monster count
 F = Vault count percentage of total count
                 A         B        C        D         E       F
            +---------+---------+-------+---------+---------+-------
      Total |   10039 |    8791 |  46.7 |     271 |      83 |  23.4
            +---------+---------+-------+---------+---------+-------
        D:1 |      47 |       0 |   0.0 |      28 |       0 |   0.0
        D:2 |      79 |       0 |   0.0 |      27 |       0 |   0.0
        D:3 |     160 |       5 |   3.0 |      31 |       2 |   6.1
        D:4 |     451 |     914 |  67.0 |      18 |       6 |  25.0
        D:5 |     559 |      96 |  14.7 |      28 |       1 |   3.4
        D:6 |     974 |       0 |   0.0 |      31 |       0 |   0.0
        D:7 |    1703 |     210 |  11.0 |      30 |       2 |   6.2
        D:8 |     697 |    3684 |  84.1 |      16 |      17 |  51.5
        D:9 |    2272 |    2796 |  55.2 |      30 |      45 |  60.0
       D:10 |    3097 |       0 |   0.0 |      32 |       0 |   0.0
      Sewer |       0 |     114 | 100.0 |       0 |       6 | 100.0
   Gauntlet |       0 |     972 | 100.0 |       0 |       4 | 100.0
            +---------+---------+-------+---------+---------+-------
